 Dungeon Crawl Stone Soup version 0.31-a0-692-gf03d1854d5 (webtiles) character file.

Game seed: 16193719095882408710

1929 qw the Skirmisher (level 9, -3/56 HPs)
             Began as a Gargoyle Hunter on Sept 6, 2023.
             Was a Follower of Okawaru.
             Killed by divine providence
             ... invoked by an orc priest
              (9 damage)
             ... on level 8 of the Dungeon.
             The game lasted 00:02:38 (5626 turns).

qw the Skirmisher (Gargoyle Hunter)                 Turns: 5626, Time: 00:02:38

Health: -3/56      AC: 17    Str: 16    XL:     9   Next: 17%
Magic:  5/11       EV: 14    Int:  9    God:    Okawaru [*.....]
Gold:   339        SH:  0    Dex: 17    Spells: 8/8 levels left

rFire   . . .        Y - +1 shortbow
rCold   . . .        (shield currently unavailable)
rNeg    + . .        i - +0 ring mail
rPois   inf          f - +0 helmet
rElec   +            (no cloak)
rCorr   .            e - +0 pair of gloves
SInv    .            a - +0 pair of boots
Will    .....        (no amulet)
Stlth   +++          (no ring)
HPRegen 0.29/turn    (no ring)
MPRegen 0.12/turn

%: no passive effects
@: heroic
A: sickness immunity, AC +6, negative energy resistance 1, electricity
resistance, torment resistance 1, petrification resistance
a: Renounce Religion, Heroism


You were on level 8 of the Dungeon.
You worshipped Okawaru.
Okawaru was aware of your devotion.
You visited 2 branches of the dungeon, and saw 8 of its levels.

You collected 387 gold pieces.
You spent 48 gold pieces at shops.


Innate Abilities, Weirdness & Mutations

You are immune to sickness and miasma.
Your stone body is resilient. (AC +6)
You are immune to poison.
You resist negative energy. (rN+)
You are resistant to electric shocks. (rElec)
You are resistant to unholy torment.
You are immune to petrification.


   Skills:
 - Level 6.4(11.4) Fighting
 + Level 9.9(14.9) Ranged Weapons
 - Level 3.1(8.1) Armour
 - Level 2.4(7.4) Dodging
 - Level 1.1(6.1) Stealth
 + Level 2.9 Invocations


You had 8 spell levels left.
You didn't know any spells.
Your spell library was empty.

Inventory:

Hand Weapons
 Y - a +1 shortbow (weapon)
Armour
 a - a +0 pair of boots (worn)
 e - a +0 pair of gloves (worn)
 f - a +0 helmet (worn)
 i - a +0 ring mail (worn)
Scrolls
 h - 3 scrolls of identify
Potions
 b - a potion of haste
 c - 3 potions of enlightenment
 d - a potion of brilliance {unknown}
 j - 2 potions of curing

Dungeon Overview and Level Annotations

Branches:
Dungeon (8/15)             Temple (1/1) D:5
   Lair: D:8-11

Altars:
Ashenzari
Cheibriados
Dithmenos
Elyvilon
Gozag
Hepliaklqana
Kikubaaqudgha
Makhleb
Nemelex Xobeh
Okawaru
Ru
Trog
Uskayaw
Vehumet
Wu Jian
Xom
Yredelemnul
Jiyva

Shops:
D:2 *


Message History

The orc priest hits you but does no damage.
5620 ||| INVOKING Heroism.
You gain the combat prowess of a mighty hero.
The orc priest hits you with a +0 club.
The orc warrior hits you but does no damage.
You shoot an arrow.
The arrow hits the orc warrior but does no damage.
The orc warrior is heavily wounded.
The orc priest barely misses you. The orc warrior misses you.
You shoot an arrow.
The arrow hits the orc warrior but does no damage.
The orc warrior is heavily wounded.
The orc priest closely misses you.
The orc warrior grunts loudly.
The orc warrior misses you.
You shoot an arrow.
The arrow completely misses the orc warrior.
The arrow hits the jelly.
The jelly is severely wounded.
The orc priest looks encouraged for a moment.
The orc warrior hits you with a +0 dire flail of draining!
You shoot an arrow.
The arrow closely misses the orc warrior.
The arrow hits the jelly!
You kill the jelly!
Okawaru accepts your kill.
You shoot an arrow.
The arrow closely misses the orc warrior.
The orc priest hits you but does no damage.
The orc warrior hits you but does no damage.
You shoot an arrow.
The arrow barely misses the orc warrior.
The arrow hits the jelly.
The jelly is moderately wounded.
The orc wizard casts a spell.
The orc wizard flickers and vanishes!
Deactivating autopickup; reactivate with Ctrl-A.
The orc priest invokes the aid of Beogh against you.
Beogh smites you!
You die...

# . .. #. ..##
##.# ... ..
##...# #.# ..#
#.....###.####.#
#......J{......#
#o#......#
#@oJ._...#
###J.....#
#......#
######.# #


You could see an orc warrior, 3 jellies and an orc priest.

Vanquished Creatures
  A wyvern (D:8)
  A yak (D:8)
  2 ice beasts
  3 black bears
  An ogre (D:5)
  2 centaurs
  A phantom (D:6)
  A bullfrog (D:5)
  A kobold brigand (D:5)
  2 scorpions
  2 hounds
  4 jellies
  An orc priest (D:5)
  3 sleepcaps
  2 orc wizards (D:3)
  Robin (D:4)
  7 adders
  A gnoll (D:2)
  4 river rats (D:5)
  A shadow imp (D:6)
  4 worms
  3 dart slugs
  12 orcs
  8 ball pythons
  5 endoplasms
  7 giant cockroaches
  12 hobgoblins
  7 jackals
  7 quokkas
  5 bats
  6 frilled lizards
  18 goblins
  14 kobolds
  6 rats
155 creatures vanquished.

Vanquished Creatures (others)
  An orc wizard (D:3)
1 creature vanquished.

Grand Total: 156 creatures vanquished

Notes
Turn   | Place    | Note
-------+----------+-------------------------------------------
     0 | D:1      | qw the Gargoyle Hunter began the quest for the Orb.
     0 | D:1      | Reached XP level 1. HP: 12/12 MP: 1/1
     0 | D:1      | 0 ||| qw: Version: 0.3-a-76-g4403597
     0 | D:1      | 0 ||| qw: Game counter: 292
     0 | D:1      | 0 ||| qw: Melee chars always use a shield: true
     0 | D:1      | 0 ||| qw: God list: Okawaru
     0 | D:1      | 0 ||| qw: Allow faded altars: false
     0 | D:1      | 0 ||| qw: Do Orc after clearing Dungeon:15 true
     0 | D:1      | 0 ||| qw: Do second Lair branch before Depths: true
     0 | D:1      | 0 ||| qw: Lair rune preference: random
     0 | D:1      | 0 ||| qw: Goals: Normal
     0 | D:1      | 0 ||| PLANNING D:1-11
   168 | D:1      | Reached XP level 2. HP: 17/17 MP: 2/2
   336 | D:1      | Reached XP level 3. HP: 21/21 MP: 3/3
   472 | D:1      | Reached skill level 5 in Ranged Weapons
   619 | D:1      | 619 ||| UPGRADING to +0 pair of gloves.
   624 | D:1      | 624 ||| READING scroll labelled WIMITH LYOSAVI.
   625 | D:1      | 625 ||| READING scroll labelled RIUD PETHU.
   626 | D:1      | 626 ||| READING 3 scrolls labelled ZYPOSCHU WEOSI.
   627 | D:1      | 627 ||| READING scroll labelled ODWEKE UCKE.
   628 | D:1      | 628 ||| READING scroll labelled GOHEYT YCEIX.
   629 | D:1      | 629 ||| READING 2 scrolls of identify.
   629 | D:1      | 629 ||| IDENTIFYING lumpy black potion
   630 | D:1      | 630 ||| DROPPING scroll of butterflies.
   631 | D:1      | 631 ||| DROPPING potion of degeneration.
   793 | D:2      | Found a faded altar of an unknown god.
  1096 | D:2      | Reached skill level 3 in Fighting
  1122 | D:2      | Reached XP level 4. HP: 11/28 MP: 4/4
  1141 | D:2      | 1141 ||| FLEEEEING.
  1142 | D:2      | 1142 ||| FLEEEEING.
  1303 | D:2      | Found Meatwuo's Assorted Antiques.
  1317 | D:2      | 1317 ||| BUYING 2 glowing silvery potions (48 gold).
  1317 | D:2      | Bought 2 glowing silvery potions for 48 gold pieces
  1317 | D:2      | 1317 ||| SHOPLISTING 2 yellow potions (48 gold, have 17).
  1317 | D:2      | 1317 ||| SHOPLISTING bubbling golden potion (24 gold, have
                  | 17).
  1317 | D:2      | 1317 ||| SHOPLISTING fizzy golden potion (24 gold, have
                  | 17).
  1317 | D:2      | 1317 ||| SHOPLISTING fizzy inky potion (24 gold, have 17).
  1317 | D:2      | 1317 ||| SHOPLISTING scroll labelled UZOFEF ULEVAI (27
                  | gold, have 17).
  1317 | D:2      | 1317 ||| SHOPLISTING scroll labelled XIQIXI SALI (27 gold,
                  | have 17).
  1317 | D:2      | 1317 ||| SHOPLISTING scroll labelled ZENERI BOFFEAD (27
                  | gold, have 17).
  1486 | D:2      | 1486 ||| UPGRADING to +0 ring mail.
  1496 | D:2      | 1496 ||| DROPPING +0 leather armour.
  1497 | D:2      | 1497 ||| READING scroll labelled ZENERI BOFFEAD.
  1502 | D:2      | 1502 ||| READING scroll labelled IRHOED KUONU.
  1503 | D:2      | 1503 ||| READING scroll labelled FIWURH EQIKULU.
  1504 | D:2      | 1504 ||| DRINKING 3 glowing silvery potions.
  1505 | D:2      | 1505 ||| READING 3 scrolls of identify.
  1505 | D:2      | 1505 ||| IDENTIFYING orange potion
  1506 | D:2      | 1506 ||| READING 2 scrolls of identify.
  1506 | D:2      | 1506 ||| IDENTIFYING grey potion
  1684 | D:3      | Reached skill level 1 in Armour
  1851 | D:3      | 1851 ||| RETREATING.
  1852 | D:3      | 1852 ||| Stepping ~*~*~tactically~*~*~ (outnumbered).
  1870 | D:3      | HP: 2/28 [something/magic dart (8)]
  1871 | D:3      | Reached XP level 5. HP: 2/32 MP: 5/5
  1871 | D:3      | 1871 ||| DRINKING potion of heal wounds.
  1874 | D:3      | 1874 ||| DRINKING 2 potions of curing.
  1874 | D:3      | 1874 ||| (to cure confusion)
  1887 | D:3      | Reached skill level 6 in Ranged Weapons
  1889 | D:3      | HP: 8/32 [something (1)]
  1959 | D:3      | 1959 ||| FLEEEEING.
  1960 | D:3      | 1960 ||| FLEEEEING.
  1961 | D:3      | 1961 ||| FLEEEEING.
  1962 | D:3      | 1962 ||| FLEEEEING.
  1963 | D:3      | 1963 ||| FLEEEEING.
  1964 | D:3      | 1964 ||| FLEEEEING.
  1965 | D:3      | 1965 ||| FLEEEEING.
  1969 | D:3      | 1969 ||| FLEEEEING.
  1970 | D:3      | 1970 ||| FLEEEEING.
  1971 | D:3      | 1971 ||| FLEEEEING.
  1972 | D:3      | 1972 ||| FLEEEEING.
  1973 | D:3      | 1973 ||| FLEEEEING.
  1974 | D:3      | 1974 ||| FLEEEEING.
  2396 | D:3      | 2396 ||| DROPPING ring of magical power.
  2481 | D:4      | Noticed a black bear
  2497 | D:4      | Killed a black bear
  2498 | D:4      | Reached XP level 6. HP: 32/40 MP: 6/6
  2674 | D:4      | Noticed Robin
  2693 | D:4      | HP: 8/40 [Robin/+0 spear (4)]
  2694 | D:4      | 2694 ||| READING scroll of teleportation.
  3479 | D:4      | Reached skill level 7 in Ranged Weapons
  3479 | D:4      | Reached XP level 7. HP: 44/44 MP: 7/7
  3510 | D:4      | Killed Robin
  3657 | D:4      | 3657 ||| UPGRADING to +0 helmet.
  3662 | D:4      | 3662 ||| READING scroll labelled ESTIMU DYCUEDASK.
  3663 | D:4      | 3663 ||| READING scroll labelled XIQIXI SALI.
  3664 | D:4      | 3664 ||| DRINKING 2 fuming yellow potions.
  3704 | D:5      | Entered Level 5 of the Dungeon
  3705 | D:5      | 3705 ||| PLANNING SEWER
  3794 | D:5      | HP: 11/44 [orc/+0 falchion (1)]
  3795 | D:5      | 3795 ||| DRINKING potion of heal wounds.
  3970 | D:5      | Found a staircase to the Ecumenical Temple.
  4121 | D:5      | Found a hide-covered altar of Uskayaw.
  4193 | D:5      | Found a bloodstained altar of Trog.
  4197 | D:5      | Found an ornate altar of the Wu Jian Council.
  4270 | D:5      | Reached skill level 8 in Ranged Weapons
  4352 | D:5      | 4352 ||| Stepping ~*~*~tactically~*~*~ (water).
  4374 | D:5      | 4374 ||| RIP SEWER
  4375 | D:5      | 4375 ||| PLANNING TEMPLE
  4376 | D:5      | Reached XP level 8. HP: 49/49 MP: 8/8
  4376 | D:5      | 4376 ||| UPGRADING to +0 pair of boots.
  4381 | D:5      | 4381 ||| READING scroll labelled RACVOW DUUSETT.
  4445 | Temple   | Entered the Ecumenical Temple
  4446 | Temple   | 4446 ||| PLANNING OKAWARU WORSHIP
  4452 | Temple   | Became a worshipper of Warmaster Okawaru
  4453 | Temple   | 4453 ||| PLANNING D:1-11
  4881 | D:5      | 4881 ||| READING 4 scrolls of identify.
  4881 | D:5      | 4881 ||| IDENTIFYING fizzy golden potion
  4882 | D:5      | 4882 ||| DROPPING potion of lignification.
  4958 | D:6      | 4958 ||| STAIRDANCE
  4972 | D:6      | 4972 ||| STAIRDANCE
  5003 | D:6      | 5003 ||| STAIRDANCE
  5031 | D:6      | 5031 ||| STAIRDANCE
  5048 | D:6      | 5048 ||| STAIRDANCE
  5086 | D:6      | 5086 ||| STAIRDANCE
  5151 | D:6      | 5151 ||| STAIRDANCE
  5170 | D:6      | 5170 ||| STAIRDANCE
  5190 | D:6      | 5190 ||| STAIRDANCE
  5246 | D:6      | 5246 ||| STAIRDANCE
  5278 | D:6      | 5278 ||| STAIRDANCE
  5310 | D:6      | 5310 ||| STAIRDANCE
  5400 | D:6      | Reached skill level 9 in Ranged Weapons
  5409 | D:6      | Reached skill level 3 in Armour
  5504 | D:6      | You fall into a shaft and drop 2 floors!
  5534 | D:8      | Reached * piety under Okawaru
  5535 | D:8      | Reached skill level 6 in Fighting
  5568 | D:8      | 5568 ||| INVOKING Heroism.
  5570 | D:8      | Noticed a wyvern
  5570 | D:8      | Noticed a yak
  5574 | D:8      | Reached skill level 1 in Invocations
  5581 | D:8      | 5581 ||| INVOKING Heroism.
  5592 | D:8      | Killed a yak
  5593 | D:8      | Reached XP level 9. HP: 25/56 MP: 6/10
  5597 | D:8      | 5597 ||| INVOKING Heroism.
  5602 | D:8      | HP: 14/56 [black bear (4)]
  5603 | D:8      | 5603 ||| READING scroll of teleportation.
  5604 | D:8      | 5604 ||| DRINKING potion of heal wounds.
  5606 | D:8      | Found a viscous altar of Jiyva.
  5607 | D:8      | 5607 ||| RETREATING.
  5608 | D:8      | 5608 ||| Stepping ~*~*~tactically~*~*~ (retreating).
  5609 | D:8      | 5609 ||| Stepping ~*~*~tactically~*~*~ (retreating).
  5610 | D:8      | 5610 ||| Stepping ~*~*~tactically~*~*~ (retreating).
  5620 | D:8      | 5620 ||| INVOKING Heroism.
  5623 | D:8      | HP: 5/56 [orc warrior/+0 dire flail of draining (11)]
  5626 | D:8      | Killed from afar by an orc priest

Levels and vault maps discovered:
D:1:      minmay_arrival_semitransparent, layout_basic, minmay_tree_intersection
D:2:      minmay_diamond_boxcup, layout_loops_ring, serial_shops,
          nicolae_shop_overgrown_old_shop,
          shapermc_ecumenical_altar_starsandcircs
D:3:      layout_loops_ring, chequers_arboretum, minivault_24
D:4:      kennysheep_goblin_castle, layout_basic, grunt_decor_junction,
          minmay_joined_circles
D:5:      layout_loops_ring, nicolae_overflow_squiral, lemuel_round_altar,
          minmay_temple_entry_waves, gup_sewer_entry_bubbles,
          minmay_misc_feat_square
D:6:      layout_gridville, nicolae_qazlal_general_emergency,
          hangedman_decor_lopped, minivault_4, minmay_fountain_box
D:8:      layout_loops_ring, david_lair_generic, jiyva_altar_1
Temple:   eino_temple_lava

Skill      XL: |  1  2  3  4  5  6  7  8  9 |
---------------+----------------------------+-----
Ranged Weapons | 5 6 7 8 9 |  9.9
Fighting       | 3 4 5 6 |  6.4
Armour         | 1 2 3 |  3.1
Dodging        | 2 |  2.4
Invocations    | 1 2 |  2.9
Stealth        | |  1.1

Action                     |  1- 3 |  4- 6 |  7- 9 || total
---------------------------+-------+-------+-------++-------
   Fire: Shortbow          |   114 |   262 |   265 ||   641
 Invoke: Heroism           |       |       |     4 ||     4
    Use: Scroll            |     6 |     6 |     5 ||    17
         Potion            |       |     3 |     3 ||     6
 Armour: Leather armour    |    33 |     7 |       ||    40
         Ring mail         |       |   190 |   164 ||   354
  Dodge: Dodged            |    33 |   133 |   119 ||   285

Table legend:
 A = Non-vault XP
 B = Vault XP
 C = Vault XP percentage of total XP
 D = Non-vault monster count
 E = Vault monster count
 F = Vault count percentage of total count
                 A         B        C        D         E       F
            +---------+---------+-------+---------+---------+-------
      Total |    1797 |     960 |  34.8 |     108 |      48 |  30.8
            +---------+---------+-------+---------+---------+-------
        D:1 |      45 |       0 |   0.0 |      26 |       0 |   0.0
        D:2 |      28 |      39 |  58.2 |       8 |       9 |  52.9
        D:3 |     173 |       0 |   0.0 |      28 |       0 |   0.0
        D:4 |     220 |     164 |  42.7 |      16 |      27 |  62.8
        D:5 |     721 |      61 |   7.8 |      22 |       7 |  24.1
        D:6 |     474 |       0 |   0.0 |       7 |       0 |   0.0
        D:8 |     136 |     696 |  83.7 |       1 |       5 |  83.3
            +---------+---------+-------+---------+---------+-------
